 Dungeon Crawl Stone Soup version 0.20.1-1-g8b1a95d (webtiles) character file.

184 letownia2 the Grave Robber (level 5, 36/42 HPs)
             Began as a Deep Dwarf Necromancer on Nov 7, 2017.
             Quit the game on level 3 of the Dungeon.
             The game lasted 00:08:21 (3133 turns).

letownia2 the Grave Robber (Deep Dwarf Necromancer) Turns: 3133, Time: 00:08:22

Health: 36/42      AC:  3    Str: 11    XL:     5   Next: 36%
Magic:  7/8        EV: 12    Int: 17    God:
Gold:   147        SH:  0    Dex: 13    Spells: 4/8 levels left

rFire    . . .     SeeInvis .   a - +2 hand axe (flame)
rCold    . . .     Gourm    .   (no shield)
rNeg     . . .     Faith    .   e - +0 leather armour
rPois    .         Spirit   .   (no helmet)
rElec    .         Reflect  .   (no cloak)
rCorr    .         Harm     .   (no gloves)
MR       .....                  (no boots)
Stlth    ++........             (no amulet)
Regen    0.0/turn               i - ring of flight
MPRegen  0.2/turn               (no ring)

@: non-regenerating, drained
A: damage resistance, heal wounds, sense surroundings 1, no regeneration
a: Heal Wounds, Evoke Flight


You were on level 3 of the Dungeon.
You were not hungry.

You visited 2 branches of the dungeon, and saw 6 of its levels.

You collected 147 gold pieces.

Inventory:

Hand Weapons
 a - a +2 hand axe of flaming (weapon)
Missiles
 m - 5 tomahawks (quivered)
Armour
 e - a +0 leather armour (worn)
 g - a +0 scale mail
 r - a +0 scale mail
Jewellery
 i - a ring of flight (left hand)
Scrolls
 h - 3 scrolls of remove curse {unknown}
 n - 4 scrolls of identify {unknown}
Potions
 j - a potion of might {unknown}
 k - a potion of agility {unknown}
 o - a potion of berserk rage {unknown}
 q - 2 potions of curing {unknown}
Books
 b - a book of Necromancy

   Spells                             Type                      Level
   a - Pain                           Necromancy                   1
   b - Animate Skeleton               Necromancy                   1
   c - Vampiric Draining              Necromancy                   3
   d - Regeneration                   Charms/Necromancy            3
   e - Animate Dead                   Necromancy                   4
   f - Control Undead                 Necromancy                   4
Comestibles
 c - 3 bread rations
 f - a meat ration


   Skills:
 + Level 0.9(0.7) Armour
 - Level 2.1(2.0) Dodging
 - Level 2.4(2.2) Stealth
 + Level 2.2(2.0) Spellcasting
 - Level 7.0(6.7) Necromancy


You had 4 spell levels left.
You knew the following spells:

 Your Spells              Type           Power        Failure   Level  Hunger
a - Pain                  Necr           ###.         1%          1    #......
v - Vampiric Draining     Necr           ###.......   4%          3    ###....


Dungeon Overview and Level Annotations

Branches:
Dungeon (5/15)             Temple (1/1) D:5

Altars:
Ashenzari
Cheibriados
Dithmenos
Elyvilon
Fedhas
Makhleb
Okawaru
Ru
Uskayaw
Vehumet
Zin

Shops:
D:4 (

Annotations:
D:4 1 exclusion, Sigmund


Innate Abilities, Weirdness & Mutations

You are resistant to damage.
You can heal yourself by infusing magical energy.
You passively map a small area around you.
You do not regenerate.


Message History

You can't see any susceptible monsters within range! (Use Z to cast anyway.)
Casting: Pain
Confirm with . or Enter, or press ? or * to list all spells.
You can't see any susceptible monsters within range! (Use Z to cast anyway.) Put on which piece of jewellery? (? for menu, Esc to quit)
Okay, then.
Put on which piece of jewellery? (? for menu, Esc to quit)
i - a ring of flight (left hand) Wield which item (- for none, * to show all)? (? for menu, Esc to quit)
Okay, then.
As you read the scroll labeled YPNOGA ROIRRE, it crumbles to dust.
You assume a fearsome visage.
Nothing appears to happen.
It was a scroll of fear.
Blink to where?
Press: ? - help, Dir - move target cursor, f - you Are you sure you want to cancel this blink?
Okay, then.
As you read the scroll labeled XAPANU YXZEQECU, it crumbles to dust.
It was a scroll of blinking.
Are you sure you want to abandon this character and quit the game? (Confirm with "yes".)

, , * .# .# * , ,
* .##* * * , , ,
..,, ,** #####.#
* * * #>....#
#.####.##..#####.
*
#...?....@....†..
######.#########.
#.# * , #.# #.#
#.### , ,, #.#..
,, ** ######.#.#*
, , ,, #......#.#
, *


There were no monsters in sight!

Vanquished Creatures
  4 worker ants (D:4)
  3 adders
  2 oozes
  A dart slug (D:2)
  2 leopard geckos (Temple)
  6 orcs
  2 ball pythons
  3 bats
  2 giant cockroaches
  5 goblins
  4 hobgoblins
  4 jackals (D:4)
  2 kobolds
  A frilled lizard (D:4)
  5 rats
46 creatures vanquished.

Notes
Turn   | Place    | Note
-------+----------+-------------------------------------------
     0 | D:1      | letownia2 the Deep Dwarf Necromancer began the quest for the Orb.
     0 | D:1      | Reached XP level 1. HP: 15/15 MP: 3/3
   227 | D:2      | Reached XP level 2. HP: 19/22 MP: 0/5
   604 | D:2      | Reached skill level 5 in Necromancy
   738 | D:2      | Reached XP level 3. HP: 2/28 MP: 0/6
   743 | D:2      | Learned a level 3 spell: Vampiric Draining
   953 | D:2      | HP: 1/28 [worm (9)]
  1656 | D:4      | Found Junis's Antique Weapon Shoppe.
  1889 | D:4      | Found a snail-covered altar of Cheibriados.
  1897 | D:4      | Reached skill level 6 in Necromancy
  1897 | D:4      | Reached XP level 4. HP: 31/36 MP: 1/7
  2076 | D:4      | Noticed Sigmund
  2454 | D:4      | Reached skill level 7 in Necromancy
  2454 | D:4      | Reached XP level 5. HP: 36/42 MP: 0/8
  2688 | D:5      | Entered Level 5 of the Dungeon
  2729 | D:5      | Found a staircase to the Ecumenical Temple.
  2738 | Temple   | Entered the Ecumenical Temple
  3133 | D:3      | Quit the game

Skill      XL: |  1  2  3  4 |
---------------+-------------+-----
Spellcasting   | 2 |  2.2
Necromancy     | 5 6 7 |  7.0
Armour         | |  0.9
Dodging        | |  2.1
Stealth        | |  2.4

Action                   |  1- 3 |  4- 6 || total
-------------------------+-------+-------++-------
Melee: Unarmed           |     3 |       ||     3
       Hand axe          |     1 |       ||     1
Throw: Tomahawk          |     1 |       ||     1
 Cast: Pain              |    74 |    20 ||    94
       Vampiric Draining |    12 |     5 ||    17
  Use: Scroll            |       |     2 ||     2
  Eat: Chunk             |     7 |     5 ||    12
Armor: Robe              |    17 |       ||    17
       Leather armour    |     6 |     8 ||    14
Dodge: Dodged            |    50 |    30 ||    80
